 Dungeon Crawl Stone Soup version 0.29.0-11-gd7f09526c8 (webtiles) character file.

Game seed: 11093344215504075771

444 Flugkiller the Chopper (level 6, 0/56 HPs)
             Began as a Minotaur Fighter on Sept 4, 2022.
             Slain by an orc wizard
             ... wielding a +0 mace
              (4 damage)
             ... on level 4 of the Dungeon.
             The game lasted 00:01:21 (3149 turns).

Flugkiller the Chopper (Minotaur Fighter)           Turns: 3149, Time: 00:01:22

Health: 0/56       AC:  7    Str: 21    XL:     6   Next: 72%
Magic:  5/5        EV:  9    Int:  5    God:
Gold:   56         SH:  4    Dex: 11    Spells: 5/5 levels left

rFire   . . .      SeeInvis .   a - +0 war axe
rCold   + . .      Faith    .   p - +0 buckler
rNeg    . . .      Spirit   .   b - +0 scale mail
rPois   .          Reflect  .   (helmet restricted)
rElec   .          Harm     .   (no cloak)
rCorr   .          Rampage  .   (no gloves)
Will    .....                   (no boots)
Stlth   ..........              (no amulet)
HPRegen 0.18/turn               c - ring of protection from cold
MPRegen 0.09/turn               (no ring)

@: no status effects
A: horns 2, retaliatory headbutt
a: no special abilities


You were on level 4 of the Dungeon.
You visited 1 branch of the dungeon, and saw 4 of its levels.

You collected 134 gold pieces.
You spent 78 gold pieces at shops.

Inventory:

Hand Weapons
 a - a +0 war axe (weapon)
Armour
 b - a +0 scale mail (worn)
 p - a +0 buckler (worn)
Jewellery
 c - a ring of protection from cold (left hand)
   (You found it on level 3 of the Dungeon)
 j - a ring of ice
   (You found it on level 3 of the Dungeon)
Wands
 h - a wand of light (1)
   (You took it off Ijyb on level 3 of the Dungeon)
Scrolls
 g - a scroll of enchant weapon
 t - 2 scrolls of teleportation
 z - a scroll of blinking
Potions
 d - a potion of degeneration {unknown}
 e - a potion of berserk rage {unknown}
 f - a potion of resistance {unknown}
 l - a potion of invisibility {unknown}
 m - 2 potions of attraction
 q - 2 potions of curing


   Skills:
 + Level 5.5 Fighting
 * Level 6.4 Axes
 + Level 5.5 Armour
 - Level 3.6 Shields


You had 5 spell levels left.
You didn't know any spells.
Your spell library was empty.

Dungeon Overview and Level Annotations

Branches:
Dungeon (4/15)
 Temple: D:4-7

Altars:
Hepliaklqana
Makhleb
Yredelemnul

Shops:
D:3 ?


Innate Abilities, Weirdness & Mutations

You have a pair of horns on your head.
You reflexively headbutt those who attack you in melee.


Message History

No target in view!
No target in view!
No target in view!
No target in view!
A ball python comes into view.
Found 10 gold pieces.
The ball python hisses angrily.
A ball python is nearby!
A ball python is nearby!
A ball python is nearby!
You hit the ball python.
The ball python is moderately wounded.
The ball python bites you but does no damage.
The ball python grabs you. The ball python constricts you.
You hit the ball python.
You kill the ball python!
No target in view!
No target in view!
No target in view!
No target in view!
No target in view!
No target in view!
You now have 56 gold pieces (gained 10).
d - a blue potion You see here a ball python corpse.
Found a dagger.
An iguana, an orc wizard and an orc come into view.
The orc wizard shouts!
The orc shouts!
You hear a shout!
There are monsters nearby!
There are monsters nearby!
The orc wizard mumbles some strange words.
The orc wizard flickers and vanishes!
Deactivating autopickup; reactivate with Ctrl-A.
You slash the iguana!
The iguana is severely wounded.
You closely miss the orc. The iguana bites you! You block the orc's attack.
An orc priest comes into view. It is wielding a +1 dagger of freezing.
The iguana misses you. The orc barely misses you.
You closely miss the iguana.
The iguana is severely wounded.
You hit the orc. The iguana bites you! The orc hits you with a +0 whip.
An orc comes into view. It is wielding a +0 hand axe.
The orc shouts!
You hit the iguana but do no damage.
The iguana is severely wounded.
You hit the orc.
You kill the orc!
The iguana bites you!
You closely miss the iguana.
The iguana is severely wounded.
You closely miss something. Something hits you but does no damage.
The iguana bites you.
You slash the iguana!
You kill the iguana!
You miss something. Something hits you.
You hear some strange, mumbled words.
A magic dart appears from out of thin air!
The magic dart hits you.
You are too injured to fight recklessly!
You are too injured to fight recklessly!
You are too injured to fight recklessly!
You are too injured to fight recklessly!
You are too injured to fight recklessly!
You are too injured to fight recklessly!
You are too injured to fight recklessly!
You are too injured to fight recklessly!
You are too injured to fight recklessly!
You hit the orc priest.
The orc priest is moderately wounded.
You slash the orc priest! You headbutt the orc priest.
You kill the orc priest!
You closely miss something. The orc hits you with a +0 hand axe.
Something hits you but does no damage.
You hit the orc.
The orc is heavily wounded.
You hit something but do no damage. The orc hits you with a +0 hand axe.
* * * LOW HITPOINT WARNING * * *
Something hits you.
* * * LOW HITPOINT WARNING * * *
You hit the orc but do no damage.
The orc is heavily wounded.
You closely miss something. You block the orc's attack.
Something hits you but does no damage.
You closely miss the orc.
The orc is heavily wounded.
You closely miss something. The orc barely misses you.
Something hits you but does no damage. The orc hits you with a +0 hand axe.
* * * LOW HITPOINT WARNING * * *
Something hits you.
* * * LOW HITPOINT WARNING * * *
You hit the orc but do no damage.
The orc is heavily wounded.
You miss something. The orc hits you but does no damage.
You hear some strange, mumbled words.
A puff of flame appears from out of thin air!
The puff of flame hits you but does no damage.
You closely miss something. Your headbutt misses something. You slash the orc!
You kill the orc!
Something hits you.
You die...

###....†...#.##.<.#
###.....#..###...#
###.###.## ##...#
#####.# #..# #..#
#..# #.## #..# ##.#
#..# #{.# #.. #@##
#.)...... .........
#.........
.)........
#..........
#..........
...........


There were no monsters in sight!

Vanquished Creatures
  Sigmund (D:3)
  2 orc priests (D:4)
  Ijyb (D:3)
  Jessica (D:3)
  An iguana (D:4)
  An orc wizard (D:4)
  4 gnolls (D:4)
  2 adders
  3 dart slugs
  9 orcs (D:4)
  5 endoplasms
  3 giant cockroaches
  2 goblins
  A hobgoblin (D:2)
  3 jackals (D:1)
  2 quokkas
  4 ball pythons
  7 bats (D:1)
  4 frilled lizards
  5 kobolds
  A rat (D:2)
62 creatures vanquished.

Notes
Turn   | Place    | Note
-------+----------+-------------------------------------------
     0 | D:1      | Flugkiller the Minotaur Fighter began the quest for the
                  | Orb.
     0 | D:1      | Reached XP level 1. HP: 19/19 MP: 0/0
   157 | D:1      | Reached XP level 2. HP: 6/27 MP: 1/1
   158 | D:1      | Reached skill level 3 in Axes
  1076 | D:2      | Reached XP level 3. HP: 32/33 MP: 2/2
  1656 | D:3      | Found Neir's Magic Scroll Shoppe.
  1662 | D:3      | Bought a scroll of identify for 26 gold pieces
  1662 | D:3      | Bought a scroll of identify for 26 gold pieces
  1662 | D:3      | Bought a scroll of identify for 26 gold pieces
  1898 | D:3      | Noticed Sigmund
  1908 | D:3      | Killed Sigmund
  1909 | D:3      | Reached skill level 5 in Axes
  1909 | D:3      | Reached XP level 4. HP: 34/41 MP: 3/3
  1909 | D:3      | Reached XP level 5. HP: 39/47 MP: 4/4
  1911 | D:3      | Reached skill level 5 in Fighting
  1998 | D:3      | Noticed Jessica
  2012 | D:3      | Killed Jessica
  2013 | D:3      | Reached skill level 5 in Armour
  2079 | D:3      | Found a basalt altar of Yredelemnul.
  2079 | D:3      | Found a hazy altar of Hepliaklqana.
  2080 | D:3      | Found a burning altar of Makhleb.
  2208 | D:3      | Noticed Ijyb
  2216 | D:3      | Killed Ijyb
  2217 | D:3      | Reached XP level 6. HP: 26/56 MP: 5/5
  2814 | D:4      | Reached skill level 6 in Axes
  3149 | D:4      | Slain by an orc wizard

Illustrated notes

Levels and vault maps discovered:
D:1:      dpeg_arrival_circle_labyrinth_a, layout_rooms,
          chequers_serial_rivers_room_a
D:2:      layout_basic
D:3:      layout_loops_cross, chequers_temple_overflow_statue_of_worship,
          serial_shops, shop_statue, uniq_ijyb, uniq_jessica, uniq_sigmund
D:4:      layout_cave_pods, mainiacjoe_overflow_surrounded_room

Skill      XL: |  1  2  3  4  5  6 |
---------------+-------------------+-----
Axes           | 3 5 6 |  6.4
Fighting       | 4 5 |  5.5
Armour         | 4 5 |  5.5
Shields        | |  3.6

Action                   |  1- 3 |  4- 6 || total
-------------------------+-------+-------++-------
Melee: War axe           |    78 |    58 ||   136
       Headbutt          |     8 |     6 ||    14
  Use: Scroll            |     6 |       ||     6
       Potion            |       |     3 ||     3
Armor: Scale mail        |    42 |    25 ||    67
Dodge: Dodged            |    51 |    19 ||    70
Block: Buckler           |    18 |     8 ||    26
